 Dungeon Crawl Stone Soup version 0.25-a0-890-g62861fb195 (webtiles) character file.

Game seed: 8637182558985554228, levelgen mode: deterministic

489 Esekla the Conjurer (level 7, -1/52 HPs)
             Began as a Formicid Conjurer on May 2, 2020.
             Slain by Maggie
             ... wielding a +0 long sword of draining
              (12 damage)
             ... on level 6 of the Dungeon.
             The game lasted 00:18:36 (2886 turns).

Esekla the Conjurer (Formicid Conjurer)             Turns: 2886, Time: 00:18:38

Health: -1/52      AC:  4    Str: 12    XL:     7   Next: 36%
Magic:  8/11       EV: 12    Int: 16    God:
Gold:   98         SH:  0    Dex: 12    Spells: 6/12 levels left

rFire    . . .     SeeInvis +   i - +0 falchion
rCold    . . .     Gourm    .   (no shield)
rNeg     . . .     Faith    .   g - +1 robe {Archmagi}
rPois    .         Spirit   .   (helmet unavailable)
rElec    .         Reflect  .   (no cloak)
rCorr    .         Harm     .   (no gloves)
MR       .....                  f - +0 pair of boots
Stlth    ++........             p - amulet of magic regeneration
HPRegen  0.17/turn              k - ring of teleportation (curse)
MPRegen  0.37/turn              (no ring)

@: drained
A: permanent stasis, dig shafts and tunnels, four strong arms, antennae 3
a: Dig, Shaft Self


You were on level 6 of the Dungeon.
You were not hungry.

You visited 1 branch of the dungeon, and saw 6 of its levels.

You collected 98 gold pieces.

Inventory:

Hand Weapons
 h - a +0 short sword
 i - a +0 falchion (weapon)
Missiles
 a - 10 poisoned darts (quivered)
Armour
 b - a +0 leather armour
 f - a +0 pair of boots (worn)
 g - a +1 robe of the Archmagi (worn)
 l - a +2 ring mail of cold resistance
Jewellery
 k - a cursed ring of teleportation (left hand)
 p - an amulet of magic regeneration (around neck)
Wands
 v - a wand of digging (6)
Scrolls
 n - a scroll of enchant armour {unknown}
 o - a scroll of identify {unknown}
 q - 2 scrolls of remove curse {unknown}
 r - a scroll of enchant weapon {unknown}
 x - a scroll of fog {unknown}
Potions
 d - a potion of heal wounds
 e - a potion of lignification {unknown}
 j - a potion of brilliance {unknown}
 m - a potion of flight {unknown}
 t - a potion of curing {unknown}
 w - a potion of haste {unknown}
Comestibles
 c - 5 rations
 s - 2 chunks of flesh


   Skills:
 * Level 3.1(2.5) Fighting
 + Level 0.4(1.7) Short Blades
 * Level 3.6(3.0) Long Blades
 + Level 1.1(0.6) Throwing
 + Level 2.4(1.9) Armour
 + Level 2.2(1.7) Dodging
 - Level 2.4(1.8) Stealth
 * Level 3.2(2.7) Spellcasting
 + Level 4.2(3.6) Conjurations
 * Level 1.6(1.0) Hexes


You had 6 spell levels left.
You knew the following spells:

 Your Spells              Type           Power        Failure   Level  Hunger
a - Magic Dart            Conj           ###.         4%          1    #......
d - Dazzling Flash        Conj/Hex       ##....       22%         3    ###....
e - Searing Ray           Conj           ###...       7%          2    ##.....

Your spell library contained the following spells:

 Spells                   Type           Power        Failure   Level  Hunger
 Fulminant Prism          Conj/Hex       ##........   58%         4    #####..
 Iskenderun's Mystic Bla  Conj/Tloc      ##......     65%         4    #####..


Dungeon Overview and Level Annotations

Branches:
Dungeon (6/15)
 Temple: D:4-7

Altars:

Annotations:
D:6 Maggie


Innate Abilities, Weirdness & Mutations

You cannot be hasted, slowed, berserked, paralysed or teleported.
You can dig through walls and to a lower floor.
Your four strong arms can wield two-handed weapons with a shield.
You have a pair of large antennae on your head. (SInv)


Message History

You break out of your daze.
Maggie is no longer blind.
Maggie hits you with a +0 long sword of draining!
* * * LOW HITPOINT WARNING * * *
You feel drained.
* * * LOW HITPOINT WARNING * * *
The searing ray hits Maggie.
Maggie is severely wounded.
The searing ray hits the iguana.
The iguana is moderately wounded.
The searing ray hits Maggie.
Maggie is severely wounded.
The searing ray misses the iguana.
Maggie misses you.
The searing ray hits Maggie.
Maggie is severely wounded.
The searing ray hits the iguana.
The iguana is heavily wounded.
You finish channeling your searing ray.
Maggie hits you with a +0 long sword of draining!
You die...

#.# #.### #...#
##...# #...<# ###
##.^..# $..
##.....#### #.#
###.........##..#
#.......@##....#
#####.##.@l....#
#. ######(.# #.
.$# #. .../ #.
#@### #. .. ##. .


You could see Maggie and an iguana.

Vanquished Creatures
  A water moccasin skeleton (D:4)
  A scorpion (D:4)
  A crimson imp (D:5)
  3 orc priests
  2 bullfrog skeletons (D:4)
  An orc wizard (D:4)
  An iguana (D:4)
  4 worker ants (D:4)
  A hound skeleton (D:4)
  An adder zombie (D:5)
  2 dart slugs (D:1)
  A leopard gecko (D:3)
  10 orcs (D:4)
  4 bats (D:1)
  4 giant cockroaches
  8 goblins (D:1)
  A jackal (D:3)
  2 kobolds (D:1)
  A frilled lizard (D:1)
  A leopard gecko skeleton (D:4)
  4 rats
54 creatures vanquished.

Notes
Turn   | Place    | Note
-------+----------+-------------------------------------------
     0 | D:1      | Esekla the Formicid Conjurer began the quest for the Orb.
     0 | D:1      | Reached XP level 1. HP: 13/13 MP: 3/3
   133 | D:1      | Reached XP level 2. HP: 19/19 MP: 0/5
   138 | D:1      | Learned a level 2 spell: Searing Ray
   326 | D:1      | Reached skill level 1 in Armour
   703 | D:1      | Reached XP level 3. HP: 19/24 MP: 6/6
   707 | D:1      | Reached skill level 4 in Conjurations
  1325 | D:4      | Reached skill level 1 in Fighting
  1325 | D:4      | Reached skill level 1 in Long Blades
  1325 | D:4      | Reached XP level 4. HP: 32/32 MP: 1/7
  1762 | D:4      | Reached XP level 5. HP: 36/38 MP: 5/8
  1914 | D:4      | Learned a level 3 spell: Dazzling Flash
  1932 | D:4      | Reached XP level 6. HP: 42/46 MP: 6/10
  2124 | D:4      | Reached skill level 1 in Hexes
  2479 | D:4      | Reached XP level 7. HP: 48/52 MP: 7/11
  2561 | D:4      | Reached skill level 1 in Throwing
  2774 | D:5      | Entered Level 5 of the Dungeon
  2866 | D:6      | Noticed Maggie
  2886 | D:6      | Slain by Maggie

Levels and vault maps discovered:
D:1:      dpeg_arrival_subterranean_lakeside_camping, layout_basic
D:2:      layout_rooms
D:3:      layout_loops_ring, nicolae_ru_path_of_blood, uniq_jessica
D:4:      minmay_bubble_buster, layout_cave_pods, first_ration,
          minmay_misc_feat_tiny
D:5:      layout_cave_pools
D:6:      layout_rooms, minmay_temple_entry_arrows, basic_altar, serial_shops,
          shop_statue, nicolae_shop_behind_doors, nicolae_shop_behind_doors,
          tgw_sif, uniq_crazy_yiuf_cottage, uniq_maggie

Skill      XL: |  1  2  3  4  5  6  7 |
---------------+----------------------+-----
Armour         | 1 2 |  2.4
Conjurations   | 4 |  4.2
Fighting       | 1 2 3 |  3.1
Long Blades    | 1 2 3 |  3.6
Dodging        | 2 |  2.2
Spellcasting   | 3 |  3.2
Hexes          | 1 |  1.6
Throwing       | 1 |  1.1
Short Blades   | |  0.4
Stealth        | |  2.4

Action                   |  1- 3 |  4- 6 |  7- 9 || total
-------------------------+-------+-------+-------++-------
Melee: Dagger            |    25 |       |       ||    25
       Falchion          |    28 |    23 |    30 ||    81
       Short sword       |     2 |       |       ||     2
Throw: Dart              |       |    24 |     6 ||    30
 Cast: Magic Dart        |    10 |     3 |     4 ||    17
       Searing Ray       |     3 |    12 |     7 ||    22
       Dazzling Flash    |       |       |     2 ||     2
  Use: Scroll            |     3 |       |       ||     3
       Potion            |       |       |     2 ||     2
 Stab: Sleeping          |     4 |       |     1 ||     5
  Eat: Chunk             |     2 |     4 |     2 ||     8
Armor: Leather armour    |    15 |       |       ||    15
       Ring mail         |     1 |     6 |       ||     7
       Robe              |       |     3 |     7 ||    10
Dodge: Dodged            |    37 |    22 |    32 ||    91
       Rpst.: Falchion   |     6 |     7 |     8 ||    21

Table legend:
 A = Non-vault XP
 B = Vault XP
 C = Vault XP percentage of total XP
 D = Non-vault monster count
 E = Vault monster count
 F = Vault count percentage of total count
                 A         B        C        D         E       F
            +---------+---------+-------+---------+---------+-------
      Total |     691 |       8 |   1.1 |      48 |       6 |  11.1
            +---------+---------+-------+---------+---------+-------
        D:1 |      32 |       8 |  20.0 |      15 |       6 |  28.6
        D:3 |      50 |       0 |   0.0 |       6 |       0 |   0.0
        D:4 |     554 |       0 |   0.0 |      25 |       0 |   0.0
        D:5 |      55 |       0 |   0.0 |       2 |       0 |   0.0
            +---------+---------+-------+---------+---------+-------
